 Dungeon Crawl Stone Soup version 0.29-a0-676-ga64570c9d2 (webtiles) character file.

Game seed: 3946463587012314538

614497 jifgo the Sorcerer (level 26, -15/234 HPs)
             Began as a Purple Draconian Conjurer on June 18, 2022.
             Was the Champion of Ashenzari.
             Demolished by a death cob (21 damage)
             ... on level 5 of the Realm of Zot on June 24, 2022.
             The game lasted 07:38:43 (125831 turns).

jifgo the Sorcerer (Purple Draconian Conjurer)    Turns: 125831, Time: 07:38:43

Health: -15/234    AC: 23    Str: 13    XL:     26   Next: 33%
Magic:  0/54       EV: 20    Int: 29    God:    Ashenzari [******]
Gold:   2976       SH:  9    Dex: 16    Spells: 4/79 levels left

rFire   + + +      SeeInvis +   a - +9 hand axe "Loss of Ashenzari" {distort, Dex+3, Elem, Self} (curse)
rCold   + + +      Faith    .   w - +1 buckler of the Wild Blue Yonder {rF+, Fort, Self} (curse)
rNeg    + + +      Spirit   +   (body armour unavailable)
rPois   ∞          Reflect  .   v - +2 hat of Supernal Understanding {rElec, Fort, Self} (curse)
rElec   +          Harm     .   X - +2 cloak "Cosmic Insecurity" {Will+, Cun, Elem} (curse)
rCorr   .          Rampage  .   u - +2 pair of gloves of the Astral Augur {*Corrode rF+ rC+ Int+4, Elem, Self} (curse)
Will    +++++      Clarity  +   F - +0 pair of boots of the Cryptic Seer {Melee, Comp} (curse)
Stlth   +++++.....              o - amulet of the Unyielding Gaze {Spirit +Blink rF+ Will-, Comp, Self} (curse)
HPRegen 0.49/turn               b - ring of Supernal Wisdom {rPois rF+ Will+ Stlth-, Evo, Fort} (curse)
MPRegen 0.34/turn               c - ring "At What Cost Knowledge?" {Ice Dex+3 Stlth+, Elem, Self} (curse)

@: about to teleport, lich-form, marked, corroded, slowed, studying 2 skills,
very slow
A: draining attack, torment immunity, no potions, (breathe power), AC +12,
unfitting armour, cold-blooded, dopey 1, frail 1, noise suppression
}: 4/15 runes: decaying, serpentine, slimy, silver
a: End Transformation, Renounce Religion, Evoke Blink, Shatter the Chains


You were on level 5 of the Realm of Zot.
You worshipped Ashenzari.
Ashenzari was exalted by your worship.
You were an undead lich.
You visited 11 branches of the dungeon, and saw 54 of its levels.
You visited 2 bazaars.
You also visited: Sewer, Bailey, Gauntlet and Ice Cave.

You collected 8604 gold pieces.
You spent 5628 gold pieces at shops.

Inventory:

Hand Weapons
 a - the cursed +9 hand axe "Loss of Ashenzari" (weapon) {distort, Dex+3, Elem, Self}
   (You took it off an orc on level 8 of the Dungeon)

   It warps and distorts space around it, and may blink, banish, or inflict
   extra damage upon those it strikes.
   Unwielding it can cause banishment or high damage.
   Dex:       It affects your dexterity (+3).
   It has a curse which improves the following skills: Elements: Fire Magic, Ice
   Magic, Air Magic and Earth Magic.
   Introspection: Fighting and Spellcasting.
Armour
 u - the cursed +2 pair of gloves of the Astral Augur (worn) {*Corrode rF+ rC+ Int+4, Elem, Self}
   (You acquired it on level 2 of the Elven Halls)

   Int:       It affects your intelligence (+4).
   rF:        It protects you from fire.
   rC:        It protects you from cold.
   *Corrode:  It may corrode you when you take damage.
   It has a curse which improves the following skills: Elements: Fire Magic, Ice
   Magic, Air Magic and Earth Magic.
   Introspection: Fighting and Spellcasting.
 v - the cursed +2 hat of Supernal Understanding (worn) {rElec, Fort, Self}
   (You acquired it on level 3 of the Elven Halls)

   rElec:     It insulates you from electricity.
   It has a curse which improves the following skills: Fortitude: Shields.
   Introspection: Fighting and Spellcasting.
 w - the cursed +1 buckler of the Wild Blue Yonder (worn) {rF+, Fort, Self}
   (You took it off a minotaur in a Gauntlet)

   It has a curse which improves the following skills: Fortitude: Shields.
   Introspection: Fighting and Spellcasting.
 B - the +2 cloak of Lightning Storm {Contam +Blink rElec Str+5}
   (You acquired it on level 4 of the Realm of Zot)

   Str:       It affects your strength (+5).
   rElec:     It insulates you from electricity.
   +Blink:    It lets you blink.
   Contam:    It causes magical contamination when unequipped.
 F - the cursed +0 pair of boots of the Cryptic Seer (worn) {Melee, Comp}
   (You found it on level 6 of the Dungeon)

   It has a curse which improves the following skills: Melee Combat: Short
   Blades, Long Blades, Axes, Maces & Flails, Polearms, Staves and Unarmed
   Combat.
   Companions: Summonings and Necromancy.
 X - the cursed +2 cloak "Cosmic Insecurity" (worn) {Will+, Cun, Elem}
   (You found it on level 5 of the Vaults)

   It has a curse which improves the following skills: Cunning: Dodging and
   Stealth.
   Elements:  Fire Magic, Ice Magic, Air Magic and Earth Magic.
Jewellery
 b - the cursed ring of Supernal Wisdom (left hand) {rPois rF+ Will+ Stlth-, Evo, Fort}
   (You bought it in a shop in a bazaar)

   [ring of willpower]

   rF:        It protects you from fire.
   rPois:     It protects you from poison.
   Will:      It increases your willpower.
   Stlth:     It makes you less stealthy.
   It has a curse which improves the following skills: Evocations: Evocations.
   Fortitude: Shields.
 c - the cursed ring "At What Cost Knowledge?" (right hand) {Ice Dex+3 Stlth+, Elem, Self}
   (You bought it in a shop in a bazaar)

   [ring of ice]

   It enhances your ice magic.
   Dex:       It affects your dexterity (+3).
   rF:        It makes you vulnerable to fire.
   rC:        It protects you from cold.
   Stlth:     It makes you more stealthy.
   It has a curse which improves the following skills: Elements: Fire Magic, Ice
   Magic, Air Magic and Earth Magic.
   Introspection: Fighting and Spellcasting.
 i - the ring "Estrul" {+Blink MP+9 Str+2 Int-2 Dex+3}
   (You found it on level 5 of the Pits of Slime)

   [ring of magical power]

   Str:       It affects your strength (+2).
   Int:       It affects your intelligence (-2).
   Dex:       It affects your dexterity (+3).
   MP:        It affects your magic capacity (+9).
   +Blink:    It lets you blink.
 k - a ring of resist corrosion
 n - the ring of Yqimer {rPois Int+10 Dex-2 Slay+4}
   (You found it on level 5 of the Vaults)

   [ring of slaying]

   Int:       It affects your intelligence (+10).
   Dex:       It affects your dexterity (-2).
   Slay:      It affects your accuracy & damage with ranged weapons and melee
   (+4).
   rPois:     It protects you from poison.
 o - the cursed amulet of the Unyielding Gaze (around neck) {Spirit +Blink rF+ Will-, Comp, Self}
   (You found it in a Gauntlet)

   [amulet of guardian spirit]

   It causes incoming damage to be divided between your reserves of health and
   magic.
   rF:        It protects you from fire.
   +Blink:    It lets you blink.
   Will:      It decreases your willpower.
   It has a curse which improves the following skills: Companions: Summonings
   and Necromancy.
   Introspection: Fighting and Spellcasting.
Wands
 j - a wand of flame (12)
 l - a wand of digging (8)
 E - a wand of iceblast (3)
 L - a wand of quicksilver (10)
 S - a wand of mindburst (25)
Scrolls
 m - 7 scrolls of amnesia
 q - 13 scrolls of teleportation (quivered)
 t - 3 scrolls of blinking
 y - 11 scrolls of enchant armour
 z - 8 scrolls of fog
 C - 11 scrolls of vulnerability
 D - a scroll of torment
 I - 3 scrolls of immolation
 M - 4 scrolls of brand weapon
 N - 13 scrolls of enchant weapon
 O - 2 scrolls of silence
 T - 2 scrolls of summoning
 U - 16 scrolls of fear
 Y - 8 scrolls of poison
Potions
 d - 15 potions of flight
 e - 8 potions of cancellation
 f - 3 potions of brilliance
 g - 3 potions of might
 h - 14 potions of curing
 r - a potion of invisibility
 s - a potion of haste
 x - 8 potions of berserk rage
 A - 9 potions of mutation
 G - 10 potions of ambrosia
 J - 13 potions of lignification
 P - 3 potions of magic
 Q - 3 potions of resistance
 V - a potion of heal wounds
 W - 9 potions of attraction
Miscellaneous
 p - a phial of floods
 K - a condenser vane
 R - a lightning rod (4/4)


   Skills:
 + Level 17.7(25.7) Fighting
 - Level 12.1(14.6) Axes
 - Level 12.4(15.0) Dodging
 - Level 9.4(12.0) Stealth
 - Level 9.0(14.1) Shields
 - Level 24.0(27) Spellcasting
 + Level 16.8 Conjurations
 + Level 10.1(14.0) Necromancy
 - Level 11.0 Transmutations
 + Level 17.6(23.6) Fire Magic
 - Level 18.7(24.6) Ice Magic
 + Level 11.5(17.7) Air Magic
 - Level 8.4(14.5) Earth Magic
 - Level 8.2 Poison Magic
 - Level 9.0(11.6) Evocations


You had 4 spell levels left.
You knew the following spells:

 Your Spells              Type           Power      Damage    Failure   Level
c - Iskenderun's Mystic   Conj/Tloc      73%        2d15      1%          4
d - Orb of Destruction    Conj           47%        9d12      1%          7
e - Freezing Cloud        Conj/Ice/Air   62%        6-21      0%          5
f - Chain Lightning       Conj/Air       48%        3d64      54%         9
j - Simulacrum            Ice/Necr       74%        N/A       1%          6
n - Necromutation         Tmut/Necr      53%        N/A       28%         8
p - Passage of Golubria   Tloc           39%        N/A       8%          4
r - Fire Storm            Conj/Fire      51%        8d13      19%         9
t - Ignition              Fire           54%        3d15      1%          8
v - Polar Vortex          Ice            67%        N/A       3%          9
x - Iron Shot             Conj/Erth      46%        9d9       1%          6

Your spell library contained the following spells:

 Spells                   Type           Power      Damage    Failure   Level
 Beastly Appendage        Tmut           100%       N/A       0%          1
 Foxfire                  Conj/Fire      100%       2x1d9     0%          1
 Magic Dart               Conj           100%       1d8       0%          1
 Sandblast                Erth           100%       2d20      0%          1
 Shock                    Conj/Air       100%       1d9       0%          1
 Ensorcelled Hibernation  Hex/Ice        100%       N/A       0%          2
 Passwall                 Tmut/Erth      70%        N/A       0%          2
 Poisonous Vapours        Pois/Air       100%       N/A       0%          2
 Searing Ray              Conj           100%       2d8       0%          2
 Sublimation of Blood     Necr           100%       N/A       0%          2
 Wereblood                Tmut           80%        N/A       0%          2
 Conjure Flame            Conj/Fire      100%       6-21      0%          3
 Ignite Poison            Fire/Tmut/Pois 89%        N/A       0%          3
 Mephitic Cloud           Conj/Pois/Air  89%        N/A       0%          3
 Stone Arrow              Conj/Erth      100%       3d13      0%          3
 Swiftness                Air            97%        N/A       0%          3
 Vampiric Draining        Necr           100%       2d13      0%          3
 Airstrike                Air            48%        N/A       0%          4
 Flame Wave               Conj/Fire      100%       2d17      0%          4
 Hailstorm                Conj/Ice       100%       3d20      0%          4
 Ice Form                 Ice/Tmut       100%       N/A       0%          4
 Sticky Flame             Conj/Fire      100%       2d11      0%          4
 Apportation              Tloc           78%        N/A       1%          1
 Slow                     Hex            100%       N/A       1%          1
 Summon Small Mammal      Summ           100%       N/A       1%          1
 Blink                    Tloc           78%        N/A       1%          2
 Call Imp                 Summ           42%        N/A       1%          2
 Call Canine Familiar     Summ           42%        N/A       1%          3
 Dazzling Flash           Conj/Hex       100%       N/A       1%          3
 Inner Flame              Hex/Fire       82%        N/A       1%          3
 Spider Form              Tmut/Pois      76%        N/A       1%          3
 Summon Guardian Golem    Hex/Summ       40%        N/A       1%          3
 Anguish                  Hex/Necr       44%        N/A       1%          4
 Animate Dead             Necr           100%       N/A       1%          4
 Corpse Rot               Necr/Pois/Air  100%       N/A       1%          4
 Fulminant Prism          Conj/Hex       36%        3d18      1%          4
 Leda's Liquefaction      Hex/Erth       34%        N/A       1%          4
 Petrify                  Tmut/Erth      85%        N/A       1%          4
 Summon Ice Beast         Ice/Summ       100%       N/A       1%          4
 Summon Lightning Spire   Summ/Air       75%        N/A       1%          4
 Confusing Touch          Hex            39%        N/A       2%          3
 Portal Projectile        Hex/Tloc       78%        N/A       2%          3
 Tukima's Dance           Hex            39%        N/A       2%          3
 Fireball                 Conj/Fire      51%        3d20      0%          5
 Alistair's Intoxication  Tmut/Pois      50%        N/A       1%          5
 Borgnjor's Vile Clutch   Necr/Erth      55%        N/A       1%          5
 Irradiate                Conj/Tmut      44%        3d28      1%          5
 Iskenderun's Battlesphe  Conj           95%        2d14      1%          5
 Lee's Rapid Deconstruct  Erth           44%        3d22*     1%          5
 Lightning Bolt           Conj/Air       48%        1d68      1%          5
 Metabolic Englaciation   Hex/Ice        52%        N/A       1%          5
 Silence                  Hex/Air        37%        N/A       1%          5
 Conjure Ball Lightning   Conj/Air       48%        3x3d17    1%          6
 Starburst                Conj/Fire      51%        6d14      1%          6
 Statue Form              Tmut/Erth      56%        N/A       1%          6
 Storm Form               Tmut/Air       44%        N/A       1%          7
 Yara's Violent Unravell  Hex/Tmut       31%        3d13      2%          5
 Eringya's Noxious Bog    Tmut/Pois      38%        N/A       2%          6
 Lehudib's Crystal Spear  Conj/Erth      46%        10d11     8%          8
 Borgnjor's Revivificati  Necr           55%        N/A       16%         8
 Infestation              Necr           55%        N/A       16%         8
 Summon Forest            Summ/Tloc      20%        N/A       19%         5
 Summon Mana Viper        Hex/Summ       40%        N/A       19%         5
 Spellforged Servitor     Conj/Summ      37%        N/A       19%         7
 Manifold Assault         Tloc           39%        N/A       21%         5
 Haunt                    Necr/Summ      44%        N/A       32%         7
 Shatter                  Erth           44%        3d34*     89%         9
 Death's Door             Necr           55%        N/A       94%         9
 Enfeeble                 Hex            19%        N/A       99%         7
 Malign Gateway           Summ/Tloc      20%        N/A       99%         7
 Monstrous Menagerie      Summ           21%        N/A       99%         7
 Summon Hydra             Summ           21%        N/A       99%         7
 Discord                  Hex            19%        N/A       100%        8
 Disjunction              Tloc           19%        N/A       100%        8
 Summon Horrible Things   Summ           21%        N/A       100%        8
 Animate Armour           Summ/Erth      Unusable   N/A       N/A         4

Dungeon Overview and Level Annotations

Branches:
Dungeon (15/15)            Temple (1/1) D:7            Lair (6/6) D:8
  Swamp (4/4) Lair:3        Snake (4/4) Lair:2        Slime (5/5) Lair:6
    Orc (2/2) D:11            Elf (3/3) Orc:2        Vaults (5/5) D:14
  Crypt (0/3) Vaults:3     Depths (4/4) D:15            Zot (5/5) Depths:4
  Sewer (visited)          Bailey (visited)           IceCv (visited)
Gauntlet (visited)

Altars:
Ashenzari
Cheibriados
Dithmenos
Elyvilon
Fedhas
Gozag
Hepliaklqana
Kikubaaqudgha
Makhleb
Nemelex Xobeh
Okawaru
Qazlal
Ru
Sif Muna
Trog
Uskayaw
Vehumet
Wu Jian
Xom
Yredelemnul
Zin
The Shining One
Beogh

Shops:
D:4 :   D:6 *   D:7 *   D:9 (   D:12 =(:(   Orc:2 *[=(   Elf:1 :=:   Snake:3 (
Snake:4 (:((   Vaults:1 (   Vaults:2 *

Portals:
Hell: Depths:1 Depths:2 Depths:3 Depths:4
Abyss: Depths:3
Pandemonium: Depths:2
Ziggurat: Depths:1

Annotations:
Swamp:3 Bai Suzhen
Abyss:1 Joseph


Innate Abilities, Weirdness & Mutations

You are an undead lich.
Your unarmed attacks are suffused with negative energy.
You are immune to unholy pain and torment.
Your necromantic spells are more powerful.
You cannot drink.
You are immune to poison.
((You can breathe bolts of dispelling energy.))
Your rich purple scales are hard. (AC +12)
You cannot fit into any form of body armour.
You are cold-blooded and may be slowed by cold attacks.
You are dopey. (Int -2)
You are frail. (-10% HP)
You passively dampen the noise of your surroundings.


Message History

The dread lich is knocked back by the mystic blast.
The dread lich collides with the Tzitzimitl!
The mystic blast hits the Orb Guardian but does no damage.
The mystic blast hits the Brimstone Fiend!
The Brimstone Fiend is moderately wounded.
The Brimstone Fiend is knocked back by the mystic blast.
The mystic blast hits the ancient lich.
The ancient lich is lightly damaged.
The ancient lich is knocked back by the mystic blast.
The ancient lich collides with the dread lich!
The dread lich is lightly damaged.
The mystic blast hits the death cob.
The death cob is lightly damaged.
The death cob is knocked back by the mystic blast.
The death cob slams into the stone wall!
The death cob is lightly damaged.
The Orb Guardian hits you!!!
The death cob hits you but does no damage.
The Orb Guardian hits you!
Your corrosive artefact corrodes you!
The death cob hits you but does no damage.
The Orb Guardian hits you!!!
* * * LOW HITPOINT WARNING * * *
The death cob hits you but does no damage.
The moth of wrath angrily waves its antennae.
Unknown command.
Unknown command.
Unknown command.
You shred the net and break free! The death cob barely misses you.
The Orb Guardian hits you!!
* * * LOW HITPOINT WARNING * * *
You block the death cob's attack. The Orb Guardian hits you.
* * * LOW HITPOINT WARNING * * *
The death cob misses you. The moth of wrath bites you.
* * * LOW HITPOINT WARNING * * *
You block the Orb Guardian's attack. The Tzitzimitl gestures at you.
You convulse!
* * * LOW HITPOINT WARNING * * *
The death cob hits you!!
You die...

,,,,{,,**,,,,,,,,,,^,,,{,,,^,,,,*
,,{,,,***,,,,,,,,,,,,,,,,,,,,,,,,
******* *,,,,,,,,{,,,,^,,,,,,,,,,
###.........^,,,,,,,,,,,,*
#####▓.........,,,....^..**
######▓▓▓▓......,,,......▓* #
#######▓▓▓▓▓▓▓▓▓▓▓##^X.X8▓▓ ##
########...................#*
#########....##zLX...^...X.....**
########...###...y1............,*
..........###...L..............,,
.........##▓#...L1.............,,
.........#▓▓#..................,,
........##▓▓#.^..........^.....,,
........#▓▓▓#..$.?.............,,
........##▓▓#..................,,
.........#▓▓#*,∆.......^.^.....,*


You could see an ancient lich (invisible), a dread lich, a Tzitzimitl
(summoned), a Brimstone Fiend (summoned), a death cob, an Orb Guardian (berserk)
and a moth of wrath.

Vanquished Creatures
  the Royal Jelly (Slime:5)
  2 dread liches
  2 ancient liches
  An orb of fire (Zot:2)
  Mennas (Vaults:3)
  2 juggernauts
  Frederick (Depths:4)
  Boris (Depths:4)
  Saint Roka (Depths:4)
  2 Killer Klowns (Zot:4)
  5 curse toes
  Nikola (Swamp:2)
  11 golden dragons
  the Enchantress (Depths:1)
  A bone dragon (Depths:4)
  An electric golem (Zot:4)
  Rupert (Lair:3)
  4 liches
  17 tentacled monstrosities
  2 walking crystal tomes (Depths:4)
  3 deep elf blademasters
  8 titans
  7 Orb Guardians (Zot:5)
  11 quicksilver dragons
  2 deep elf master archers (Elf:3)
  The ghost of Pooter the Severer, an adept MiBe of Trog (Elf:3)
  5 sphinxes
  17 acid blobs
  14 death cobs
  Gastronok (Lair:1)
  15 storm dragons
  Kirke (Swamp:1)
  7 tengu reavers
  Roxanne (Swamp:2)
  9 draconian monks
  7 shadow dragons
  5 fire giants
  9 draconian knights
  5 azure jellies (Slime:5)
  A nagaraja (Snake:4)
  14 deep elf sorcerers
  8 rockslimes
  Louise (Lair:3)
  Aizul (Vaults:2)
  10 draconian scorchers
  4 iron dragons
  5 frost giants
  9 draconian shifters
  14 draconian stormcallers
  3 orc warlords
  5 deep elf elementalists
  13 vault wardens
  4 ghost moths
  15 ironbound preservers
  31 very ugly things
  4 draconian annihilators
  2 war gargoyles
  4 grey draconians (Zot:1)
  5 spriggan defenders
  13 green draconians
  15 stone giants
  11 quicksilver oozes (Slime:5)
  7 ironbound thunderhulks
  A vampire knight (Depths:1)
  4 deep elf demonologists (Elf:3)
  2 eleionomae
  29 purple draconians
  10 black draconians
  Azrael (Orc:2)
  13 white draconians
  2 entropy weavers
  A minotaur (Gauntlet)
  A lorocyproca (Depths:2)
  10 deep elf annihilators
  9 yellow draconians
  8 red draconians
  A bunyip (Swamp:4)
  4 dire elephants
  8 deep elf death magi
  6 crystal guardians
  An ettin (shapeshifter) (Vaults:5)
  5 fire dragons
  3 jiangshi (Depths:2)
  11 ettins
  Josephine (Orc:2)
  17 yaktaur captains
  Erolcha (D:9)
  5 deep elf high priests (Elf:3)
  A salamander tyrant (Snake:4)
  9 ice dragons
  A shambling mangrove (Swamp:2)
  26 vault guards
  5 great orbs of eyes
  A rakshasa (Depths:2)
  17 hydras
  11 anacondas
  The ghost of frimble the Slinger, a journeyman GnWn of Ashenzari (Lair:1)
  3 ogre magi (Vaults:5)
  7 spriggan air magi
  2 two-headed ogres
  3 boulder beetles
  2 ghost crabs
  4 ironbound frosthearts
  5 peacekeepers
  Erica (D:8)
  8 centaur warriors
  30 dancing weapons
  6 death yaks
  5 deep troll shamans (Depths:3)
  9 naga warriors
  7 alligators
  A two-headed ogre (shapeshifter) (Vaults:5)
  6 tengu warriors
  4 vampire magi
  9 deep troll earth magi
  A hell hog (Depths:4)
  7 shock serpents
  18 deep elf knights
  5 orc high priests (Orc:2)
  8 naga sharpshooters
  5 hell knights (Depths:4)
  Sonja (Orc:2)
  2 goliath frogs
  A titan skeleton (Depths:1)
  A storm dragon zombie (Depths:4)
  4 spriggan berserkers
  2 sun demons
  Amaemon (Lair:2)
  A shock serpent (shapeshifter) (Vaults:5)
  A fire crab (Gauntlet)
  7 skeletal warriors (D:15)
  3 spriggan druids
  4 salamander mystics
  A goliath frog (shapeshifter) (Depths:4)
  9 iron trolls
  3 flayed ghosts
  A golden dragon zombie (Depths:1)
  55 deep trolls
  20 deep elf archers
  2 glowing orange brains
  Pikel (D:8)
  A bog body (Swamp:1)
  A tengu zombie (Vaults:1)
  An orange crystal statue (Gauntlet)
  10 swamp dragons
  2 naga ritualists (Snake:4)
  10 wizards
  22 ironbound convokers
  2 phantasmal warriors
  A spriggan simulacrum (Depths:1)
  5 necromancers
  16 lindwurms
  3 harpies (Vaults:1)
  7 orc knights
  24 deep elf pyromancers
  A sphinx zombie (Depths:4)
  29 deep elf zephyrmancers
  9 mana vipers
  A cyclops (shapeshifter) (Depths:3)
  8 orc sorcerers
  A shadow dragon skeleton (Vaults:5)
  2 shining eyes
  2 human zombies (Vaults:3)
  An iron dragon zombie (Depths:1)
  9 salamanders
  A will-o-the-wisp (Swamp:3)
  48 ugly things
  A manticore (shapeshifter) (D:15)
  26 moths of wrath
  A faun (shapeshifter) (Depths:1)
  A guardian serpent (shapeshifter) (D:14)
  6 cyclopes
  2 ice statues (IceCv)
  8 guardian serpents
  6 manticores
  A stone giant skeleton (Vaults:3)
  3 centaur zombies (D:15)
  29 black mambas
  6 elephants
  A gargoyle (D:13)
  14 cane toads
  A fire giant skeleton (Depths:1)
  7 naga magi
  11 vault sentinels
  5 torpor snails (Lair:6)
  Maggie (D:9)
  An eye of devastation (Slime:4)
  An orange demon (Lair:2)
  A smoke demon (Depths:4)
  Psyche (D:8)
  An efreet (D:13)
  A hellion (Depths:4)
  An unseen horror (D:11)
  An unseen horror (shapeshifter) (Elf:3)
  A kobold demonologist (D:11)
  7 rime drakes
  9 komodo dragons
  An ice devil (Lair:2)
  31 yaktaurs
  2 tengu conjurers
  A freezing wraith (Vaults:5)
  A guardian mummy (Zot:4)
  A queen bee (D:11)
  2 hellwings (Depths:2)
  6 trolls
  3 meliai (D:14)
  A bloated husk (Swamp:3)
  A polar bear (Lair:1)
  A wolf spider simulacrum (D:14)
  13 tyrant leeches
  17 hornets
  A tyrant leech (shapeshifter) (Vaults:5)
  62 slime creatures
  Prince Ribbit (D:8)
  15 blink frogs
  A raiju (shapeshifter) (Depths:3)
  5 dream sheep (Lair:3)
  An ettin zombie (Vaults:1)
  A stone giant simulacrum (Vaults:1)
  An elf skeleton (Vaults:1)
  A centaur simulacrum (D:15)
  2 air elementals
  4 wraiths
  A ynoxinul (Depths:2)
  A shadow (D:11)
  3 wyverns
  9 spriggans
  11 water elementals
  4 fire elementals
  A golden eye (shapeshifter) (D:13)
  54 yaks
  3 fire bats (Gauntlet)
  4 golden eyes (Slime:1)
  6 hogs (Swamp:1)
  A human (Swamp:1)
  2 basilisks
  5 redbacks
  7 vampire mosquitoes
  A redback simulacrum (D:14)
  A neqoxec (Depths:2)
  A glowing shapeshifter zombie (Vaults:1)
  2 wargs
  24 nagas
  11 swamp worms
  4 hell hounds
  An acid dragon (shapeshifter) (D:11)
  12 water moccasins
  A floating eye (Depths:3)
  4 acid dragons
  3 hydra simulacra (Lair:2)
  A glowing shapeshifter skeleton (Vaults:5)
  52 orc warriors
  2 black bears
  8 swamp drakes
  An ice beast (D:7)
  7 ogres
  2 sky beasts
  A black bear (shapeshifter) (Vaults:5)
  16 wolves
  3 boggarts (Vaults:2)
  4 phantoms
  8 centaurs
  3 lemures
  7 kobold brigands
  11 bullfrogs
  3 scorpions
  2 gnoll sergeants
  A necrophage (D:7)
  An earth elemental (Elf:1)
  6 wights
  2 lindwurm simulacra (IceCv)
  34 killer bees
  4 electric eels
  4 howler monkeys
  3 jellies
  5 komodo dragon simulacra (IceCv)
  4 hounds
  19 orc priests
  A gnoll shaman (D:9)
  4 iguanas
  26 orc wizards
  2 yak simulacra (Lair:2)
  A basilisk simulacrum (Lair:2)
  18 gnolls
  6 acid dragon simulacra (IceCv)
  9 adders
  2 river rats (Sewer)
  5 white imps
  7 steam dragon simulacra (IceCv)
  2 dart slugs
  5 worms
  117 orcs
  11 ball pythons
  10 endoplasms
  3 giant cockroaches
  6 goblins
  8 hobgoblins
  3 jackals (D:4)
  6 quokkas
  7 bats
  7 frilled lizards
  35 kobolds
  11 rats
  5 fire vortices
2143 creatures vanquished.

Vanquished Creatures (collateral kills)
  Donald (Orc:2)
  2 ironbound preservers (Vaults:1)
  2 very ugly things (Vaults:1)
  A yellow draconian (Zot:3)
  2 dire elephants (Vaults:1)
  An eleionoma (Swamp:4)
  2 shambling mangroves (Swamp:4)
  9 hydras (Swamp:4)
  A deep elf high priest (Vaults:1)
  A great orb of eyes (Vaults:1)
  3 ironbound frosthearts (Vaults:1)
  A boulder beetle (D:11)
  7 anacondas (Snake:4)
  A salamander tyrant (Snake:4)
  6 naga warriors
  4 naga sharpshooters
  A salamander mystic (Snake:4)
  6 naga ritualists
  A goliath frog (Swamp:4)
  2 spriggan druids (Swamp:4)
  6 deep trolls (Vaults:1)
  6 swamp dragons (Swamp:4)
  A harpy (Vaults:1)
  2 ironbound convokers (Vaults:1)
  6 lindwurms
  A deep elf zephyrmancer (Elf:1)
  2 ugly things
  4 mana vipers
  A moth of wrath (Zot:1)
  4 guardian serpents
  7 salamanders (Snake:4)
  5 vault sentinels (Vaults:1)
  4 black mambas (Snake:4)
  3 naga magi
  A tyrant leech (Lair:6)
  A troll (D:11)
  2 hornets (Swamp:4)
  4 blink frogs (Lair:6)
  2 slime creatures (Vaults:1)
  11 yaks (Lair:6)
  A vampire mosquito (Swamp:2)
  9 nagas
  4 swamp worms (Swamp:4)
  An orc warrior (Orc:1)
  3 swamp drakes (Swamp:4)
  4 killer bees (D:11)
  3 orc priests (Orc:2)
  2 orc wizards (Orc:2)
  2 gnolls (D:4)
  8 orcs
164 creatures vanquished.

Vanquished Creatures (others)
  An angel (D:6)
  A deep elf knight (Elf:2)
  A human zombie (Vaults:5)
  A spriggan (Swamp:1)
  A basilisk (Lair:1)
  A fire elemental (Elf:2)
  A bush (Lair:6)
  17 fire vortices
  2 foxfires (Swamp:3)
  148 fulminant prisms
  86 fungi
  175 plants
  A withered plant (Gauntlet)
436 creatures vanquished.

Grand Total: 2743 creatures vanquished

Notes
Turn   | Place    | Note
-------+----------+-------------------------------------------
     0 | D:1      | jifgo the Draconian Conjurer began the quest for the Orb.
     0 | D:1      | Reached XP level 1. HP: 14/14 MP: 3/3
   406 | D:1      | Reached XP level 2. HP: 19/22 MP: 0/5
   420 | D:1      | Reached skill level 1 in Fighting
   854 | D:1      | Learned a level 2 spell: Searing Ray
  1184 | D:2      | Reached XP level 3. HP: 28/28 MP: 3/6
  1523 | D:2      | Reached XP level 4. HP: 36/36 MP: 4/8
  1826 | D:2      | Reached skill level 3 in Spellcasting
  1916 | D:2      | Found a faded altar of an unknown god.
  2155 | D:3      | Learned a level 4 spell: Fulminant Prism
  2243 | D:3      | Found an ancient bone altar of Kikubaaqudgha.
  2344 | D:3      | Found a glowing drain.
  2349 | Sewer    | Entered a sewer
  2370 | Sewer    | Reached XP level 5. HP: 36/42 MP: 1/9
  2645 | Sewer    | Reached skill level 5 in Conjurations
  2996 | Sewer    | Reached XP level 6. HP: 40/51 MP: 0/11
  4655 | D:4      | Reached skill level 4 in Spellcasting
  4680 | D:4      | Your scales start taking on a rich purple colour.
  4680 | D:4      | Reached skill level 5 in Spellcasting
  4680 | D:4      | Reached XP level 7. HP: 53/59 MP: 5/14
  4851 | D:4      | Found Ofonaucs's Book Emporium.
  5316 | D:4      | Upgraded the game from 0.29-a0-617-g7a6b98fccd to
                  | 0.29-a0-620-g13ace881f2
  5895 | D:5      | Entered Level 5 of the Dungeon
  6307 | D:5      | Reached skill level 5 in Fighting
  6314 | D:5      | Reached XP level 8. HP: 68/68 MP: 4/16
  6754 | D:5      | Learned a level 4 spell: Iskenderun's Mystic Blast
  6806 | D:5      | Reached skill level 6 in Spellcasting
  7238 | D:6      | Reached skill level 5 in Stealth
  7678 | D:6      | Found Cyfywner's Lightly-Used Armoury.
  7682 | D:6      | Bought a -2 demon whip for 65 gold pieces
  7803 | D:6      | Found a glowing silver altar of Zin.
  7803 | D:6      | Noticed an angel
  7804 | D:6      | Found a shimmering altar of Xom.
  7817 | D:6      | Reached skill level 7 in Spellcasting
  7982 | D:6      | Reached XP level 9. HP: 78/78 MP: 11/19
  8309 | D:6      | Killed an angel
  8545 | D:7      | Found Verph's Fire Supplies.
  8549 | D:7      | Bought a scroll of immolation for 42 gold pieces
  8692 | D:7      | Found a staircase to the Ecumenical Temple.
  8713 | Temple   | Entered the Ecumenical Temple
  8737 | Temple   | Became a worshipper of Ashenzari the Shackled
  8909 | D:7      | Found an iron altar of Okawaru.
  8909 | D:7      | Found a burning altar of Makhleb.
  9510 | D:8      | Found a staircase to the Lair.
  9528 | D:8      | Noticed Erica
  9580 | D:8      | Noticed Prince Ribbit
  9651 | D:8      | Found an ornate altar of the Wu Jian Council.
  9748 | D:8      | Killed Erica
  9749 | D:8      | Reached skill level 8 in Spellcasting
  9830 | D:8      | Noticed Pikel
 10071 | D:8      | Noticed Joseph
 10094 | D:8      | Killed Pikel
 10095 | D:8      | Reached XP level 10. HP: 54/88 MP: 1/22
 10141 | D:8      | Found a flagged portal.
 10141 | D:8      | Identified the +9 hand axe of the Bursted God {distort,
                  | Dex+3}
 10174 | Bailey   | Entered a bailey
 10504 | Bailey   | Noticed an orc knight
 11054 | Bailey   | Killed an orc knight
 11249 | Bailey   | Reached skill level 9 in Spellcasting
 11478 | Bailey   | Got the Handbook of Clay
 11941 | D:8      | Killed Prince Ribbit
 12189 | D:8      | Noticed Psyche
 12225 | D:8      | Killed Psyche
 12343 | D:8      | Found a shimmering blue altar of Sif Muna.
 12343 | D:8      | Found a hazy altar of Hepliaklqana.
 12344 | D:8      | Found a sacrificial altar of Ru.
 13135 | D:8      | Banished Joseph
 13136 | D:8      | Reached skill level 1 in Axes
 13490 | D:9      | Found Juloiwk's Antique Weapon Boutique.
 13509 | D:9      | Noticed Maggie
 13539 | D:9      | Killed Maggie
 13541 | D:9      | Reached skill level 1 in Shields
 13948 | D:9      | Reached XP level 11. HP: 97/97 MP: 12/24
 14058 | D:9      | Noticed Erolcha
 14084 | D:9      | Killed Erolcha
 14192 | D:9      | Found a snail-covered altar of Cheibriados.
 14427 | D:9      | Found a glowing golden altar of the Shining One.
 14554 | D:10     | Entered Level 10 of the Dungeon
 14605 | D:10     | Reached * piety under Ashenzari
 14833 | D:10     | Noticed a two-headed ogre
 14852 | D:10     | Killed a two-headed ogre
 14853 | D:10     | Reached skill level 1 in Evocations
 14992 | D:10     | Reached skill level 10 in Spellcasting
 15950 | D:10     | Reached ** piety under Ashenzari
 16238 | Lair:1   | Entered Level 1 of the Lair of Beasts
 16666 | Lair:1   | Reached skill level 10 in Fighting
 16759 | Lair:1   | Reached *** piety under Ashenzari
 16845 | Lair:1   | Found a runed translucent gate.
 16846 | Lair:1   | Found a runed translucent gate.
 16847 | Lair:1   | Found a runed translucent gate.
 16849 | Lair:1   | Noticed a minotaur
 16849 | Lair:1   | Noticed Gastronok
 16850 | Lair:1   | Noticed frimble's ghost (journeyman GnWn)
 17005 | Lair:1   | Noticed a four-headed hydra
 17047 | Lair:1   | Killed a four-headed hydra
 17520 | Lair:2   | Found a transporter.
 17541 | Lair:2   | Found a transporter.
 17560 | Lair:2   | Found a frozen archway.
 17575 | Lair:2   | Reached XP level 12. HP: 65/110 MP: 24/28
 17687 | IceCv    | Entered an ice cave
 18441 | IceCv    | Reached skill level 5 in Axes
 18594 | IceCv    | Noticed an ice dragon
 18626 | IceCv    | Killed an ice dragon
 18632 | IceCv    | Reached skill level 11 in Spellcasting
 19010 | Lair:2   | Identified the +1 barding "Aruyfax" {rElec rF- Dex+3}
 19027 | Lair:2   | Reached skill level 5 in Shields
 19087 | Lair:2   | Found a staircase to the Snake Pit.
 19105 | Lair:2   | Reached skill level 5 in Evocations
 19141 | Lair:2   | Noticed Amaemon
 19547 | Lair:2   | Killed Amaemon
 19548 | Lair:2   | Reached skill level 1 in Necromancy
 19548 | Lair:2   | Reached skill level 1 in Ice Magic
 20722 | D:4      | Bought a Trismegistus Codex for 336 gold pieces
 20785 | D:7      | Bought the Almanac of the Volcanoes for 624 gold pieces
 20926 | D:11     | Noticed a boulder beetle
 20973 | D:11     | Found a gate leading to a gauntlet.
 20982 | Gauntlet | Entered a Gauntlet
 20982 | Gauntlet | Found a transporter.
 20982 | Gauntlet | Found a transporter.
 20994 | Gauntlet | Found a transporter.
 21014 | Gauntlet | Learned a level 5 spell: Freezing Cloud
 21020 | Gauntlet | Learned a level 5 spell: Fireball
 21027 | Gauntlet | Learned a level 6 spell: Simulacrum
 21028 | Gauntlet | Identified the ring "Ethaef" {Contam EV+4 Dex+4}
 21031 | Gauntlet | Found a transporter.
 21031 | Gauntlet | Found a transporter.
 21031 | Gauntlet | Found a transporter.
 21033 | Gauntlet | Found a transporter.
 21033 | Gauntlet | Found a transporter.
 21047 | Gauntlet | Found a transporter.
 21063 | Gauntlet | Found a transporter.
 21073 | Gauntlet | Found a transporter.
 21075 | Gauntlet | Identified the amulet "Durhy" {Spirit +Blink rF+ Will-}
 21087 | Gauntlet | Found a transporter.
 21122 | Gauntlet | Found a transporter.
 21134 | Gauntlet | Found a transporter.
 21832 | Gauntlet | Noticed a minotaur
 21877 | Gauntlet | Killed a minotaur
 22943 | D:11     | Noticed a two-headed ogre
 22949 | D:11     | Killed a two-headed ogre
 22950 | D:11     | Reached XP level 13. HP: 112/119 MP: 17/31
 23245 | D:11     | Found a staircase to the Orcish Mines.
 24095 | Lair:3   | Reached skill level 5 in Ice Magic
 24210 | Lair:3   | Found a staircase to the Swamp.
 24318 | Lair:3   | Reached skill level 1 in Fire Magic
 24643 | Lair:3   | Reached skill level 10 in Conjurations
 24904 | Lair:3   | Noticed Rupert
 25054 | Lair:3   | Reached **** piety under Ashenzari
 25694 | Lair:4   | Reached skill level 12 in Spellcasting
 26840 | Lair:5   | Identified a scroll of acquirement
 28365 | Lair:6   | Entered Level 6 of the Lair of Beasts
 28429 | Lair:6   | Reached XP level 14. HP: 115/133 MP: 14/34
 29084 | Lair:6   | Reached skill level 5 in Necromancy
 29519 | Lair:6   | Found a staircase to the Slime Pits.
 30098 | Lair:6   | Found a runed translucent door.
 30577 | Lair:6   | Paralysed by a hornet for 3 turns
 31149 | Orc:1    | Entered Level 1 of the Orcish Mines
 32175 | Orc:2    | Entered Level 2 of the Orcish Mines
 32344 | Orc:2    | Noticed Donald
 32354 | Orc:2    | Noticed Josephine
 32916 | Orc:2    | Killed Donald
 32917 | Orc:2    | Reached skill level 5 in Fire Magic
 33459 | Orc:2    | Killed Josephine
 33490 | Orc:2    | Reached skill level 13 in Spellcasting
 33623 | Orc:2    | Noticed Azrael
 33634 | Orc:2    | Killed Azrael
 34596 | Orc:2    | Noticed an orc warlord
 35044 | Orc:2    | Found a staircase to the Elven Halls.
 35074 | Orc:2    | Killed an orc warlord
 35075 | Orc:2    | Reached XP level 15. HP: 80/143 MP: 3/35
 36270 | Orc:2    | Noticed Sonja
 36274 | Orc:2    | Killed Sonja
 36639 | Orc:2    | Found Zifan's Antique Armour Shoppe.
 36640 | Orc:2    | Found Egeffuho's Antique Weapon Emporium.
 36641 | Orc:2    | Found Toigi's General Store.
 36641 | Orc:2    | Found Ruaduw's Jewellery Shoppe.
 36796 | Orc:2    | Bought a potion of haste for 150 gold pieces
 36796 | Orc:2    | Upgraded the game from 0.29-a0-620-g13ace881f2 to
                  | 0.29-a0-643-ga013cefcf8
 37374 | D:4      | Bought a book of the Spheres for 648 gold pieces
 37838 | D:11     | Learned a level 7 spell: Orb of Destruction
 38285 | D:11     | Acquired 889 gold pieces
 38859 | D:12     | Found a flickering gateway to a bazaar.
 38882 | Bazaar   | Entered a bazaar
 38883 | Bazaar   | Found Mouddet's General Store.
 38883 | Bazaar   | Found Semenah's Jewellery Shop.
 38884 | Bazaar   | Found Yleroa's Weapon Emporium.
 38915 | Bazaar   | Found Gavvaase's General Store.
 38934 | Bazaar   | Bought the ring "Cuofim" {rPois rF+ Will+ Stlth-} for 418
                  | gold pieces
 38934 | Bazaar   | Bought the ring of Iskoull {Ice Dex+3 Stlth+} for 411 gold
                  | pieces
 38971 | Bazaar   | Bought the +7 spear "Gentael" {vorpal, rC++ Will++ Stlth+}
                  | for 752 gold pieces
 38982 | Bazaar   | Bought a scroll of fog for 22 gold pieces
 39772 | D:12     | Found Yliup's Weapon Boutique.
 39950 | D:12     | Found Ynileviule's Jewellery Emporium.
 39988 | D:12     | Found Gedec's Antique Weapon Shop.
 40068 | D:12     | Found Xallasen's Book Shoppe.
 40422 | D:13     | Reached ***** piety under Ashenzari
 42237 | D:14     | Found a gate to the Vaults.
 42551 | D:15     | Entered Level 15 of the Dungeon
 43260 | D:15     | Reached skill level 14 in Spellcasting
 43519 | D:15     | Reached skill level 10 in Axes
 43989 | D:15     | Reached XP level 16. HP: 140/151 MP: 3/38
 44186 | D:15     | Found a staircase to the Depths.
 45362 | Snake:1  | Entered Level 1 of the Snake Pit
 46683 | Lair:1   | Killed Gastronok
 46898 | Lair:1   | Killed frimble's ghost
 47529 | Snake:1  | Learned a level 8 spell: Ignition
 48709 | Snake:2  | Reached skill level 5 in Dodging
 51014 | Snake:3  | Found Qeukont Boqa's Antique Weapon Boutique.
 51046 | Snake:4  | Entered Level 4 of the Snake Pit
 51399 | Snake:4  | Reached skill level 15 in Spellcasting
 51516 | Snake:4  | Found a basalt altar of Yredelemnul.
 53048 | Snake:4  | Found Jemal's Weapon Boutique.
 53048 | Snake:4  | Found Yciussonn's Book Shop.
 53049 | Snake:4  | Found Becrea's Weapon Boutique.
 53051 | Snake:4  | Found Tupeoz's Weapon Shop.
 53105 | Snake:4  | Reached XP level 17. HP: 54/156 MP: 10/39
 55225 | Snake:4  | Reached skill level 16 in Spellcasting
 55407 | Snake:4  | Got a serpentine rune of Zot
 55940 | Swamp:1  | Entered Level 1 of the Swamp
 55940 | Swamp:1  | Noticed Louise
 56169 | Lair:3   | Killed Louise
 56972 | Swamp:1  | Noticed Kirke
 56984 | Swamp:1  | Killed Kirke
 57486 | Swamp:2  | Noticed Roxanne
 57505 | Swamp:2  | Killed Roxanne
 58123 | Swamp:2  | Noticed Nikola
 58533 | Swamp:2  | Killed Nikola
 59106 | Swamp:3  | Reached XP level 18. HP: 170/170 MP: 13/44
 59496 | Swamp:3  | Reached skill level 17 in Spellcasting
 59762 | Swamp:3  | Noticed Bai Suzhen
 60868 | Swamp:4  | Entered Level 4 of the Swamp
 61501 | Swamp:4  | Reached skill level 10 in Dodging
 61569 | Swamp:4  | Got a decaying rune of Zot
 62554 | Lair:3   | Killed Rupert
 62836 | Snake:4  | Bought a Necronomicon for 952 gold pieces
 62846 | Snake:4  | Learned a level 8 spell: Necromutation
 62866 | Snake:4  | Reached ****** piety under Ashenzari
 63254 | Vaults:1 | Entered Level 1 of the Vaults
 63312 | D:14     | Upgraded the game from 0.29-a0-643-ga013cefcf8 to
                  | 0.29-a0-648-g6b26cc9f40
 63408 | Vaults:1 | Upgraded the game from 0.29-a0-648-g6b26cc9f40 to
                  | 0.29-a0-664-gff9cad4a3d
 63511 | Vaults:1 | Reached skill level 10 in Fire Magic
 63842 | Vaults:1 | Reached skill level 18 in Spellcasting
 63886 | Vaults:1 | Identified the +2 shortbow "Pouwkac" {freeze, Int+4}
 64007 | Vaults:1 | Found Goem's Weapon Shoppe.
 64600 | Vaults:1 | Reached XP level 19. HP: 171/183 MP: 16/47
 64902 | Vaults:1 | Learned a level 4 spell: Passage of Golubria
 66554 | Elf:1    | Entered Level 1 of the Elven Halls
 66562 | Elf:1    | Learned a level 6 spell: Eringya's Noxious Bog
 66693 | Elf:1    | Reached skill level 1 in Transmutations
 66718 | Elf:1    | Reached skill level 1 in Poison Magic
 66812 | Elf:1    | Reached skill level 19 in Spellcasting
 66976 | Elf:1    | Identified Plog's Papyrus of Creative Confrontation
 67834 | Elf:1    | Found Ubuxybuo's Book Emporium.
 67846 | Elf:1    | Found Rathre's Book Emporium.
 67846 | Elf:1    | Found Pouf's Jewellery Shop.
 68840 | Elf:2    | Found a runed translucent gate.
 68840 | Elf:2    | Found a runed translucent gate.
 68840 | Elf:2    | Found a runed translucent gate.
 68912 | Elf:2    | Found a shimmering blue altar of Sif Muna.
 69745 | Elf:3    | Entered Level 3 of the Elven Halls
 69748 | Elf:3    | Reached skill level 5 in Transmutations
 69822 | Elf:2    | Acquired the +2 pair of gloves of Poor Excuses {*Corrode
                  | rF+ rC+ Int+4}
 70009 | Elf:3    | Reached skill level 5 in Poison Magic
 71373 | Elf:3    | Identified the amulet of Winter {*Slow Will+++ Regen+
                  | Str+5}
 71380 | Elf:3    | Reached XP level 20. HP: 189/189 MP: 29/49
 71719 | Elf:3    | Reached skill level 10 in Ice Magic
 71722 | Elf:3    | Reached skill level 20 in Spellcasting
 71756 | Elf:3    | Identified the +11 dagger "Ceumedd" {spect, rF+ rC+ rCorr
                  | Stlth-}
 72066 | Elf:3    | Found a runed translucent gate.
 72066 | Elf:3    | Found a runed translucent gate.
 72066 | Elf:3    | Found a runed translucent gate.
 72068 | Elf:3    | Noticed Pooter's ghost (adept MiBe)
 72069 | Elf:3    | Identified the +8 broad axe "Losh" {venom, *Noise rF+
                  | Str+2}
 72070 | Elf:3    | Found an iron altar of Okawaru.
 72357 | Elf:3    | Identified the +6 great sword "Maefu" {pain, *Noise rF+
                  | rN++ Str-5 Stlth+}
 72360 | Elf:3    | Identified the +8 great sword of Fortitude {freeze, *Slow
                  | rElec rPois}
 72570 | Elf:3    | Identified the +6 scythe "Eboplos" {freeze, rF- Int+3
                  | Dex+3}
 73235 | Elf:3    | Identified the +1 chain mail of Insecurity {Will+ Str+2
                  | Int+4}
 73861 | Elf:3    | Acquired the +2 hat "Ququw" {rElec}
 73987 | Elf:1    | Bought a book of Ice for 874 gold pieces
 74773 | Vaults:2 | Identified the +1 leather armour "Athaedev" {rC- Str+2
                  | Slay+3}
 74937 | Vaults:1 | Learned a level 9 spell: Polar Vortex
 75403 | Vaults:2 | Learned a level 6 spell: Iron Shot
 75517 | Vaults:2 | Found the +9 heavy crossbow "Sniper" {vorpal, Acc+∞ SInv}
 76494 | Elf:3    | Killed Pooter's ghost
 77280 | Vaults:2 | Noticed Aizul
 77291 | Vaults:2 | Killed Aizul
 77523 | Vaults:2 | Upgraded the game from 0.29-a0-664-gff9cad4a3d to
                  | 0.29-a0-668-g12ee2bf84d
 77685 | Vaults:2 | Identified the +2 cloak "Earthly Heaven" {Harm rF- Int-4
                  | Dex+8}
 78253 | Vaults:2 | Found Ywyr's Assorted Antiques.
 78718 | Vaults:3 | Noticed Mennas
 79288 | Vaults:3 | Reached XP level 21. HP: 198/199 MP: 21/51
 79457 | Vaults:3 | Reached skill level 21 in Spellcasting
 80163 | Vaults:3 | Found a basalt altar of Yredelemnul.
 80168 | Vaults:3 | Found a staircase to the Crypt.
 80168 | Vaults:3 | Found an ancient bone altar of Kikubaaqudgha.
 81542 | Vaults:4 | Found a flickering gateway to a bazaar.
 81567 | Bazaar   | Entered a bazaar
 81568 | Bazaar   | Found Nudoptu's Jewellery Shop.
 81576 | Bazaar   | Found Esurhaumm's General Store.
 81589 | Bazaar   | Found Xetauhut's Antique Weapon Shoppe.
 81593 | Bazaar   | Found Wijem's Weapon Shop.
 81692 | Bazaar   | Bought the ring "Kouriofe" {rElec Will+ Int-5 Dex+3 SInv}
                  | for 334 gold pieces
 83775 | Vaults:4 | Reached skill level 15 in Ice Magic
 84593 | Vaults:5 | Entered Level 5 of the Vaults
 84596 | Vaults:5 | Reached skill level 22 in Spellcasting
 84873 | Vaults:5 | Noticed a dread lich
 84879 | Vaults:5 | Paralysed by a dread lich for 3 turns
 84884 | Vaults:5 | Killed a dread lich
 84894 | Vaults:5 | Reached XP level 22. HP: 88/213 MP: 32/53
 85425 | Vaults:5 | Noticed an ancient lich
 85685 | Vaults:5 | Killed an ancient lich
 86266 | Vaults:5 | Reached skill level 23 in Spellcasting
 86362 | Vaults:5 | Noticed a golden dragon
 86515 | Vaults:5 | Killed a golden dragon
 86879 | Vaults:5 | Got a silver rune of Zot
 87493 | Vaults:5 | Noticed a golden dragon
 87523 | Vaults:5 | Identified the Collected Works on Creative Combat Magic
 87600 | Vaults:5 | Found the ring of the Octopus King {rF+ HP+2 AC+2 EV+2
                  | SH+2}
 87600 | Vaults:5 | Found the ring of the Octopus King {rF+ HP+2 AC+2 EV+2
                  | SH+2}
 87624 | Vaults:5 | Reached skill level 1 in Air Magic
 87633 | Vaults:5 | Reached skill level 1 in Earth Magic
 88963 | Vaults:5 | Identified the amulet "Guidulam" {Spirit Harm Will+ rCorr
                  | Dex+3}
 88967 | Vaults:5 | Noticed a golden dragon
 88967 | Vaults:5 | Identified the ring of Yqimer {rPois Int+10 Dex-2 Slay+4}
 88969 | Vaults:5 | Identified the +3 leather armour of Muttered Phrases {Fly
                  | Str-4 Dex+7 Stlth+}
 89178 | Vaults:5 | Killed a golden dragon
 89390 | Vaults:5 | Identified Solay's Tome of the Supportive Voyage
 89391 | Vaults:5 | Noticed a golden dragon
 89398 | Vaults:5 | Killed a golden dragon
 89399 | Vaults:5 | Killed a golden dragon
 90158 | Depths:1 | Entered Level 1 of the Depths
 90398 | Depths:1 | Found a gateway to Hell.
 91604 | Depths:1 | Found a one-way gateway to a ziggurat.
 91851 | Depths:1 | Noticed the Enchantress
 91854 | Depths:1 | Killed the Enchantress
 92723 | Depths:1 | Found a stormy altar of Qazlal.
 93004 | Depths:2 | Found an iron altar of Okawaru.
 94011 | Depths:2 | Found a one-way gate leading to the halls of Pandemonium.
 94470 | Depths:2 | Reached XP level 23. HP: 160/223 MP: 9/54
 94959 | Depths:3 | Found a one-way gate to the infinite horrors of the Abyss.
 94981 | Depths:3 | Reached skill level 5 in Air Magic
 95165 | Depths:3 | Reached skill level 5 in Earth Magic
 96477 | Depths:3 | Identified the amulet of Fah Hoj {Regen+ MP+9}
 96677 | Depths:3 | Noticed a juggernaut
 96828 | Depths:3 | Learned a level 9 spell: Chain Lightning
 97136 | Depths:3 | Killed a juggernaut
 97896 | Depths:3 | Found the +18 shield of the Gong {rElec rN+ Will+ EV-5}
 97896 | Depths:3 | Identified the Grimoire of Sinister Changing
 97969 | Depths:4 | Entered Level 4 of the Depths
 98203 | Depths:4 | Noticed Saint Roka
 98213 | Depths:4 | Killed Saint Roka
 98355 | Depths:4 | Reached skill level 15 in Fire Magic
 99537 | Depths:4 | Found a gate to the Realm of Zot.
 99574 | Depths:4 | Noticed Frederick
 99681 | Depths:4 | Reached skill level 15 in Fighting
100047 | Depths:4 | Noticed Boris
100053 | Depths:4 | Killed Boris
100246 | Depths:4 | Found a basalt altar of Yredelemnul.
100677 | Depths:4 | Killed Frederick
100878 | Zot:1    | Entered Level 1 of the Realm of Zot
100878 | Zot:1    | Noticed a juggernaut
100882 | Zot:1    | Killed a juggernaut
101038 | Zot:1    | Reached XP level 24. HP: 206/235 MP: 33/54
103529 | Depths:4 | Upgraded the game from 0.29-a0-668-g12ee2bf84d to
                  | 0.29-a0-676-ga64570c9d2
104405 | Vaults:3 | Killed Mennas
105249 | Slime:1  | Entered Level 1 of the Pits of Slime
105676 | Slime:4  | Gained mutation: Your magical capacity is low. (-10% MP) [a
                  | shining eye]
105678 | Slime:4  | Gained mutation: You are frail. (-10% HP) [mutagenic glow]
105685 | Slime:4  | Gained mutation: You sometimes lose the ability to read
                  | scrolls when taking damage. [mutagenic glow]
105694 | Slime:4  | Gained mutation: You tend to lose your temper in combat.
                  | [mutagenic glow]
105701 | Slime:4  | Gained mutation: Potions are less effective at restoring
                  | your health. [mutagenic glow]
105843 | Slime:3  | Lost mutation: Your magical capacity is low. (-10% MP)
                  | [potion of mutation]
105843 | Slime:3  | Lost mutation: Potions are less effective at restoring your
                  | health. [potion of mutation]
105843 | Slime:3  | Gained mutation: You are very frail. (-20% HP) [potion of
                  | mutation]
105844 | Slime:3  | Lost mutation: You sometimes lose the ability to read
                  | scrolls when taking damage. [potion of mutation]
105844 | Slime:3  | Lost mutation: You tend to lose your temper in combat.
                  | [potion of mutation]
105844 | Slime:3  | Gained mutation: You are weak. (Str -2) [potion of
                  | mutation]
105844 | Slime:3  | Gained mutation: You passively dampen the noise of your
                  | surroundings. [potion of mutation]
106013 | Slime:5  | Entered Level 5 of the Pits of Slime
106433 | Slime:5  | Noticed the Royal Jelly
106459 | Slime:5  | Killed the Royal Jelly
106829 | Slime:5  | Reached skill level 15 in Conjurations
107042 | Slime:5  | Identified the +0 robe of Xyq Voat {Fly Will+}
107043 | Slime:5  | Identified Sif Muna's Compendium of Ignition and Stones
107043 | Slime:5  | Identified the +1 chain mail of Chimes {rC+}
107044 | Slime:5  | Identified the ring "Estrul" {+Blink MP+9 Str+2 Int-2
                  | Dex+3}
107046 | Slime:5  | Identified the +9 falchion "Ogrebane" {venom, rCorr Dex+3}
107061 | Slime:5  | Got a slimy rune of Zot
107114 | Slime:5  | Identified the +1 dagger of Exoneration {freeze, Dex+4}
107154 | Slime:5  | Found the +5 sword of Power {vorpal}
109458 | Depths:4 | Learned a level 9 spell: Fire Storm
109785 | Zot:1    | Reached skill level 24 in Spellcasting
112147 | Zot:2    | Reached XP level 25. HP: 196/196 MP: 27/54
112849 | Zot:2    | Noticed an orb of fire
114616 | Zot:2    | Killed an orb of fire
114959 | Zot:2    | Reached skill level 10 in Transmutations
117218 | Zot:3    | Reached skill level 10 in Air Magic
120261 | Zot:4    | Noticed a Killer Klown
120424 | Zot:4    | Noticed a Killer Klown
121513 | Zot:4    | Noticed an ancient lich
121627 | Zot:4    | Killed a Killer Klown
122200 | Zot:5    | Entered Level 5 of the Realm of Zot
122451 | Zot:4    | Reached XP level 26. HP: 206/206 MP: 34/54
123052 | Zot:4    | Acquired the +2 cloak of Lightning Storm {Contam +Blink
                  | rElec Str+5}
123426 | Zot:4    | Killed an ancient lich
125225 | Zot:5    | Reached skill level 10 in Necromancy
125596 | Zot:5    | Gained mutation: You have hidden genetic defects.
                  | [mutagenic glow]
125597 | Zot:5    | Lost mutation: You are very frail. (-20% HP) [potion of
                  | mutation]
125597 | Zot:5    | Lost mutation: You are weak. (Str -2) [potion of mutation]
125597 | Zot:5    | Lost mutation: You have hidden genetic defects. [potion of
                  | mutation]
125597 | Zot:5    | Gained mutation: You are dopey. (Int -2) [potion of
                  | mutation]
125597 | Zot:5    | Gained mutation: You sometimes lose the ability to read
                  | scrolls when taking damage. [potion of mutation]
125597 | Zot:5    | Lost mutation: You sometimes lose the ability to read
                  | scrolls when taking damage. [potion of mutation]
125787 | Zot:5    | Noticed a dread lich
125794 | Zot:5    | Killed a dread lich
125824 | Zot:5    | Noticed a dread lich
125825 | Zot:5    | Noticed an ancient lich
125831 | Zot:5    | HP: 6/234 [Tzitzimitl/dispel undead[a dread lich] (59)]
125831 | Zot:5    | Demolished by a death cob

Illustrated notes

Levels and vault maps discovered:
D:1:      minmay_arrival_up_and_down, layout_rooms, hangedman_decor_points,
          minmay_misc_feat_pillars
D:2:      layout_rooms, shapermc_ecumenical_altar_notcrosses,
          hangedman_abyss_or_decor_lesser_grid
D:3:      layout_basic, mainiacjoe_overflow_paths, gup_sewer_entry_bowl
D:4:      layout_loops_cross, serial_shops,
          nicolae_shop_temple_entry_statues_fountains, lexackson_kobold_supper
D:5:      layout_gridville, kennysheep_generic_room_14
D:6:      layout_loops_ring, grunt_temple_overflow_order_and_chaos_1,
          nicolae_concentric_dashed_squares_mild,
          chequers_serial_rivers_small_b, minmay_shop_damaged,
          grunt_decor_junction
D:7:      layout_basic, gammafunk_temple_overflow_statue,
          minmay_temple_entry_trees, nicolae_shop_fire_sale
          [nicolae_sub_dead_trees]
D:8:      layout_rooms, gammafunk_temple_overflow_claw,
          nzn_wu_jian_contemplation, dpeg_oklobed_lair, enter_bailey_2,
          ldierk_geyser, minmay_misc_feat_encased, uniq_prince_ribbit1,
          uniq_pikel, uniq_erica, uniq_psyche, uniq_joseph
D:9:      layout_roguey, nicolae_tso_swordbearing_angel, kennysheep_mini_moat,
          serial_shops, nicolae_shop_stone, uniq_erolcha, uniq_maggie
D:10:     layout_layer_cave
D:11:     regret_index_bee_streams, layout_long_grid,
          minmay_orc_entry_temple_small, gauntlet_entry_generic
D:12:     layout_cave_pools, serial_shops, bzr_entry_islet, shop,
          nicolae_lakefront_shop, shop, nicolae_shop_bloodbath_and_beyond
D:13:     layout_roguey
D:14:     layout_roguey, david_vaults_2, lemuel_flamethrower_2
D:15:     grunt_enter_depths_magical_seal, layout_cave_pods, hex_tiny
Temple:   minmay_freezing_vapour_temple
Lair:1:   layout_gridlike, maelrawn_ghost_gauntlet_escape, uniq_gastronok
Lair:2:   gammafunk_cloud_chamber, layout_chaotic_city,
          guppyfry_snake_entry_garden, portal_ice_cave_demonic_guard,
          minivault_24, uniq_amaemon
Lair:3:   layout_cave_pods, minmay_swamp_entry_reptiles, grunt_megastairs_4,
          serial_bayou_shore_a, uniq_rupert
Lair:4:   layout_regular_city, infiniplex_staircase_pool
Lair:5:   layout_roguey, disabler_island
Lair:6:   wormcave, layout_loops_ring, slime_dummy, grunt_megastairs_2
Swamp:1:  layout_falls_marsh, evilmike_swamp_ruin_house_5, uniq_kirke,
          uniq_louise
Swamp:2:  layout_basic_swamp, evilmike_swamp_ruin_house_6, swamp_pool4,
          uniq_roxanne, uniq_nikola
Swamp:3:  layout_basic_swamp, evilmike_swamp_ruin_rubble_1, swamp_pool5,
          st_swamp_ruins_3, infiniplex_staircase_pool_2, uniq_bai_suzhen
Swamp:4:  swamp_alternative, layout_basic_swamp, swamp_pool4
Snake:1:  layout_onion_interference
Snake:2:  layout_cave_pods, serial_bayou_shore_b
Snake:3:  layout_grid_maze, serial_shops,
          nicolae_shop_temple_entry_statues_fountains
Snake:4:  snake_pit_salamanders_mu, layout_cave_town, basic_altar,
          minmay_shoptagon, serial_bayou_shore_b
Slime:1:  layout_caves
Slime:2:  layout_caves
Slime:3:  layout_caves
Slime:4:  cheibrodos_slime_lost_civilization_3, layout_caves,
          nicolae_slime_phagocytosis
Slime:5
Orc:1:    minmay_goldmine, layout_caves, nicolae_orc_flooded_monolith
Orc:2:    st_orc_congregation, layout_diamond_mine, basic_altar, uniq_sonja,
          uniq_josephine, uniq_donald, uniq_azrael
Elf:1:    layout_geoelf_diagonals, minmay_elf_sorcery,
          nicolae_elf_blasts_and_bolts, minmay_shop_grove
Elf:2:    nicolae_elf_blades_splatter_lattice
          [nicolae_blade_entry_hurt_lockers], layout_geoelf_grid, basic_altar,
          hex_large
Elf:3:    nooodl_elf_gasket, layout_gridlike, gammafunk_ghost_fury_of_okawaru,
          amcnicky_mini_pool_small, nicolae_elf_deep_friendship
Vaults:1: v_misc_26, v_misc_22, hangedman_vaults_slice, ontoclasm_vaults_chip,
          v_misc_9, kb_rosetta, v_misc_14, hangedman_vaults_stitches,
          hangedman_vaults_impose, nicolae_vaults_little_squares_1,
          nicolae_vaults_little_squares_1, nicolae_vaults_alarming,
          layout_vaults_big_cross, serial_shops, shop
Vaults:2: nicolae_vaults_three_branches, nicolae_vaults_little_ls,
          nicolae_vaults_yaktaur_gun_rack, v_misc_17,
          nicolae_vaults_windows_and_doors_thing, layout_vaults_big_room,
          serial_shops, nicolae_shop_overgrown_old_shop, uniq_aizul
Vaults:3: vaults_mumra_bighexcomb, nicolae_vaults_shelves_hall,
          minmay_crypt_entry_necro_gods, v_alt_pattern_6,
          ontoclasm_vaults_twist, hangedman_vaults_cutoff,
          hangedman_vaults_trim, vaults_room_door_hall, layout_vaults_omnigrid,
          uniq_mennas
Vaults:4: nicolae_vaults_network_s, hangedman_vaults_stagger,
          nicolae_vaults_stairing_the_circle, nicolae_vaults_asterisk,
          v_rooms_2, grunt_vaults_hallway_short,
          ontoclasm_vaults_loading_screen, ontoclasm_vaults_fault,
          vaults_room_fancy_cross, nicolae_vaults_network_quinsquares
          [nicolae_vaults_network_quincunx_subvault,
          nicolae_vaults_network_quincunx_subvault,
          nicolae_vaults_network_quincunx_subvault,
          nicolae_vaults_network_quincunx_subvault],
          nicolae_vaults_inception_network,
          vaults_standard_mumra_enter_the_diamond,
          nicolae_vaults_little_squares_1, ontoclasm_vaults_pinch,
          layout_vaults_maze_bifur, serial_shops, bzr_entry_customers
Vaults:5
Depths:1: layout_basic, enter_ziggurat_e, serial_curves, eino_curves_03,
          eino_curves_03, hell_entry, grunt_decor_fettered, nrook_uturn,
          grunt_ministairs_8, nicolae_qazlal_eye_of_the_storm, uniq_enchantress
Depths:2: minmay_inner_zag, layout_cave_pools, rand_demon_pan_entry_7,
          lemuel_tele_altar, hell_entry, infiniplex_staircase_river,
          serial_bayou_shore_b, serial_bayou_shore_b
Depths:3: minmay_the_grid_triangle_9x9_recursive_2_mashed
          [minmay_the_grid_triangle_9x9_prize_schism,
          minmay_the_grid_triangle_9x9_empty,
          minmay_the_grid_triangle_9x9_odd_lines,
          minmay_the_grid_triangle_9x9_windchime], layout_cave_pools,
          hangedman_geh_valley, abyss_entry_crystal, solitary_fountain,
          serial_glass, glass_columns_a, glass_columns_b,
          infiniplex_staircase_x, firewood_loft
Depths:4: evilmike_zot_entry_diamond, layout_gridlike, hellmouth_1,
          bh_walls_and_bars, lemuel_zombie_altar_yredelemnul, uniq_josephina,
          uniq_saint_roka, uniq_boris, uniq_frederick
Zot:1:    ebering_greatest_show_in_zot, layout_misc_corridors
Zot:2:    layout_cathedral_of_symmetry
Zot:3:    lemuel_draconian_sentries, layout_cellular_growth, grunt_megastairs_3
Zot:4:    layout_basic, hangedman_player_shredder
Zot:5:    layout_gridville

Skill      XL: |  1  2  3  4  5  6  7  8  9 10 11 12 13 14 15 16 17 18 19 20 21 22 23 24 25 26 |
---------------+-------------------------------------------------------------------------------+-----
Fighting       | 1 2 3 4 5 6 8 9 10 11 12 13 14 15 16 17 | 17.7
Spellcasting   | 3 5 7 8 9 10 11 12 13 14 15 16 18 19 20 22 23 24 | 24.0
Conjurations   | 5 6 7 8 9 10 11 12 13 14 15 16 | 16.8
Stealth        | 2 3 4 5 7 8 9 |  9.4
Axes           | 2 4 6 7 8 10 11 12 | 12.1
Shields        | 1 4 6 7 8 9 |  9.0
Evocations     | 3 6 7 8 9 |  9.0
Necromancy     | 2 4 5 7 9 10 | 10.1
Ice Magic      | 4 6 9 13 16 17 18 | 18.7
Fire Magic     | 3 5 7 8 11 12 13 14 15 16 17 | 17.6
Dodging        | 4 6 9 10 11 12 | 12.4
Transmutations | 6 8 9 11 | 11.0
Poison Magic   | 6 8 |  8.2
Air Magic      | 4 7 9 10 11 | 11.5
Earth Magic    | 4 7 8 |  8.4

Action                   |  1- 3 |  4- 6 |  7- 9 | 10-12 | 13-15 | 16-18 | 19-21 | 22-24 | 25-27 || total
-------------------------+-------+-------+-------+-------+-------+-------+-------+-------+-------++-------
Melee: Falchion          |    28 |     7 |     3 |       |       |       |       |       |       ||    38
       Tailslap          |     3 |     3 |     4 |    27 |    41 |    30 |    66 |    13 |     6 ||   193
       Dagger            |       |       |    14 |     8 |       |       |       |       |       ||    22
       Staff             |       |       |     1 |       |       |       |       |       |       ||     1
       Hand axe          |       |       |       |   162 |   221 |   167 |   268 |   100 |    17 ||   935
       Punch             |       |       |       |     2 |       |       |       |       |       ||     2
Throw: Dart              |       |       |     1 |       |       |       |       |       |       ||     1
       Throwing net      |       |       |       |     3 |     2 |       |     1 |       |       ||     6
 Cast: Magic Dart        |    68 |   114 |   186 |   128 |   164 |       |       |       |       ||   660
       Searing Ray       |     1 |    15 |    47 |    39 |     8 |       |       |       |       ||   110
       Fulminant Prism   |       |       |     7 |   141 |       |       |       |       |       ||   148
       Iskenderun's Myst |       |       |     4 |    18 |    11 |    20 |     6 |    11 |     2 ||    72
       Fireball          |       |       |       |    18 |   289 |   300 |   146 |    11 |       ||   764
       Freezing Cloud    |       |       |       |    12 |   165 |   146 |    19 |     5 |       ||   347
       Simulacrum        |       |       |       |       |    43 |    75 |    10 |       |       ||   128
       Orb of Destructio |       |       |       |       |       |    16 |   131 |   238 |   161 ||   546
       Ignition          |       |       |       |       |       |       |   101 |    59 |    58 ||   218
       Iron Shot         |       |       |       |       |       |       |   132 |   337 |   157 ||   626
       Eringya's Noxious |       |       |       |       |       |       |     3 |       |       ||     3
       Polar Vortex      |       |       |       |       |       |       |     2 |    44 |    13 ||    59
       Passage of Golubr |       |       |       |       |       |       |     1 |       |     1 ||     2
       Fire Storm        |       |       |       |       |       |       |       |     8 |     8 ||    16
       Necromutation     |       |       |       |       |       |       |       |     1 |     6 ||     7
Invok: Curse Item        |       |       |       |     5 |     2 |     4 |     2 |     1 |       ||    14
       Shatter the Chain |       |       |       |       |     1 |     1 |     2 |     1 |       ||     5
 Abil: Breathe Dispellin |       |       |       |     1 |       |       |     2 |     2 |     1 ||     6
       Evoke Blink       |       |       |       |       |       |     5 |     2 |     2 |     1 ||    10
       Evoke Invisibilit |       |       |       |       |       |     4 |     1 |       |       ||     5
Evoke: Wand              |       |       |     3 |    14 |     3 |     1 |    24 |     4 |    18 ||    67
       Condenser vane    |       |       |       |       |       |       |     1 |       |     1 ||     2
  Use: Potion            |       |     2 |     2 |    10 |       |     4 |     5 |     8 |     2 ||    33
       Scroll            |       |     6 |     5 |     4 |     1 |     5 |     9 |    17 |     7 ||    54
 Stab: Paralysed         |       |       |       |     2 |       |       |       |       |       ||     2
       Distracted        |       |       |       |     1 |       |     2 |     3 |       |       ||     6
       Sleeping          |       |       |       |       |     2 |     1 |     5 |       |       ||     8
       Invisible         |       |       |       |       |       |     1 |       |       |       ||     1
Armor: Skin              |     9 |    11 |    24 |    84 |    49 |    77 |    92 |   142 |    59 ||   547
Dodge: Dodged            |    19 |    24 |   106 |   239 |   143 |   173 |   185 |   268 |   142 ||  1299
Block: Other             |       |     4 |    11 |       |       |       |       |       |       ||    15
       Buckler           |       |       |       |       |    80 |   119 |   105 |   139 |    55 ||   498

Table legend: (Time is in decaauts)
 A = Elapsed time spent in this place.
 B = Non-inter-level travel time spent in this place.
 C = Inter-level travel time spent in this place.
 D = Time resting spent in this place.
 E = Time spent auto-exploring this place.
 F = Levels seen in this place.
 G = Mean time per level.
                   A        B        C        D        E       F      G
               +--------+--------+--------+--------+--------+-----+--------+
         Total | 126341 | 115287 |  11054 |  59995 |  27767 |  60 | 2105.7 |
       Dungeon |  26866 |  23033 |   3833 |   8833 |  10004 |  15 | 1791.1 |
        Temple |     29 |     29 |      0 |      0 |     11 |   1 |   29.0 |
          Lair |  13411 |  11865 |   1546 |   5754 |   3830 |   6 | 2235.2 |
         Swamp |   6192 |   5817 |    375 |   2526 |   1179 |   4 | 1548.0 |
     Snake Pit |   9699 |   8921 |    778 |   4217 |   2653 |   4 | 2424.8 |
    Slime Pits |   2004 |   1984 |     20 |   1135 |    108 |   5 |  400.8 |
  Orcish Mines |   5881 |   5381 |    500 |   2616 |   1490 |   2 | 2940.5 |
   Elven Halls |   9365 |   8505 |    860 |   4870 |   1829 |   3 | 3121.7 |
        Vaults |  18970 |  17230 |   1740 |   9803 |   2572 |   5 | 3794.0 |
        Depths |  11913 |  11203 |    710 |   6881 |   1925 |   4 | 2978.2 |
           Zot |  16804 |  16116 |    688 |  10902 |   1011 |   5 | 3360.8 |
        Bazaar |    292 |    292 |      0 |      0 |     96 |   2 |  146.0 |
         Sewer |   1148 |   1148 |      0 |    383 |    617 |   1 | 1148.0 |
        Bailey |   1406 |   1406 |      0 |    716 |    200 |   1 | 1406.0 |
      Ice Cave |   1263 |   1263 |      0 |    688 |    104 |   1 | 1263.0 |
      Gauntlet |   1093 |   1093 |      0 |    668 |    136 |   1 | 1093.0 |
               +--------+--------+--------+--------+--------+-----+--------+

Top non-repeatable levels by time:
Vaults:4: 5515 daAuts
Depths:4: 4470 daAuts
Vaults:1: 4290 daAuts
   Zot:3: 4226 daAuts
   Elf:3: 4120 daAuts
   Zot:1: 3816 daAuts
Depths:3: 3759 daAuts
   Zot:4: 3756 daAuts
Vaults:3: 3548 daAuts
 Snake:3: 3531 daAuts
   Orc:2: 3442 daAuts
    D:11: 3430 daAuts
    D:10: 3192 daAuts
   Elf:2: 3174 daAuts
 Snake:4: 3128 daAuts
